 Dungeon Crawl Stone Soup version 0.17-a0-1596-g1e86911 (webtiles) character file.

81 KINGKRU the Covered (level 4, -5/32 HPs)
             Began as a Vampire Wanderer on July 30, 2015.
             Killed from afar by an orc wizard (7 damage)
             ... with a magic dart
             ... on level 3 of the Dungeon on July 31, 2015.
             The game lasted 00:15:55 (3736 turns).

KINGKRU the Covered (Vampire Wanderer)              Turns: 3736, Time: 00:15:56

Health: -5/32      AC:  7    Str: 11    XL:     4   Next: 19%
Magic:  5/5        EV: 12    Int: 17    God:
Gold:   118        SH:  0    Dex: 11    Spells: 0 memorised, 5 levels left

rFire  . . .     SeeInvis +     e - +0 dagger
rCold  . . .     Clarity  .     d - +2 leather armour {MR+}
rNeg   + . .     SustAt   .     (no shield)
rPois  .         Gourm    .     f - +1 helmet {SInv}
rElec  .         Spirit   .     (no cloak)
rCorr  .         Warding  .     (no gloves)
rMut   .         Stasis   .     (no boots)
MR     +....                    (no amulet)
Stlth  +.........               (no ring)
                                (no ring)

@: somewhat resistant to hostile enchantments, very unstealthy
A: fangs 3, see invisible, unbreathing
a: Bat Form


You were on level 3 of the Dungeon.
You were not thirsty.

You visited 1 branch of the dungeon, and saw 3 of its levels.

You collected 118 gold pieces.

Inventory:

Hand weapons
 c - a +0 club
 e - a +0 dagger (weapon)
Missiles
 g - 6 curare-tipped needles
Armour
 b - a +1 ring mail
 d - a +2 leather armour of magic resistance (worn)
 f - a +1 helmet of see invisible (worn)
Scrolls
 i - 2 scrolls of teleportation
 j - a scroll of identify {unknown}
Potions
 h - a potion of flight {unknown}
 k - a potion of degeneration {unknown}
Miscellaneous
 a - a phial of floods


   Skills:
 + Level 1.1 Fighting
 + Level 0.4 Short Blades
   Level 1.0 Axes
 + Level 4.0 Armour
 + Level 2.1 Dodging
 + Level 0.4 Stealth
 + Level 1.0 Spellcasting
   Level 1.5 Hexes
   Level 1.1 Transmutations
 + Level 1.7 Evocations


You had 5 spell levels left.
You didn't know any spells.

Dungeon Overview and Level Annotations

Branches:
Dungeon (3/15)

Altars:


Innate Abilities, Weirdness & Mutations

You have razor-sharp teeth.
You have supernaturally acute eyesight.
You can survive without breathing.


Message History

* * * LOW HITPOINT WARNING * * *
There is a stone staircase leading up here.
You hit the orc wizard but do no damage.
The orc wizard is severely wounded.
The orc wizard is no longer moving quickly.
The orc wizard hits you but does no damage.
You hit the orc wizard.
The orc wizard is severely wounded.
The orc wizard hits you but does no damage.
You barely miss the orc wizard.
The orc wizard is severely wounded.
The orc wizard closely misses you.
You closely miss the orc wizard.
The orc wizard is severely wounded.
The orc wizard misses you.
You hit the orc wizard. Your bite misses the orc wizard.
The orc wizard is almost dead.
The orc wizard points at you and mumbles some strange words.
The magic dart hits you!
You die...

#.... ##+## ....
##...## #.##
##.....## #..##
##.......##
##...####.........#
#.......'.........+
##...####.........#
#..## ##..o....##
#.## ##.@...##
###.# ##...## #...#
##+## #.### #.# #)#
###.###########
#..............
#.#.###.#####.#


You could see an orc wizard.

Vanquished Creatures
  4 adders
  A worm (D:2)
  3 giant geckos
  An orc (D:3)
  2 bats
  4 giant cockroaches (D:1)
  3 goblins
  4 hobgoblins
  3 quokkas
  7 giant newts
  8 kobolds
  2 rats
42 creatures vanquished.

Notes
Turn   | Place    | Note
--------------------------------------------------------------
     0 | D:1      | KINGKRU the Vampire Wanderer began the quest for the Orb.
     0 | D:1      | KINGKRU set off with: a phial of floods, a +0 ring mail, a +0 club, a potion of blood
     0 | D:1      | Reached XP level 1. HP: 13/13 MP: 2/2
   395 | D:1      | Reached XP level 2. HP: 16/19 MP: 3/3
   935 | D:1      | HP: 1/20 [hobgoblin/club (4)]
  1666 | D:2      | Reached XP level 3. HP: 10/25 MP: 4/4
  2508 | D:2      | Reached skill level 1 in Dodging
  2700 | D:2      | Reached skill level 1 in Fighting
  2700 | D:2      | Reached skill level 4 in Armour
  3251 | D:2      | Reached XP level 4. HP: 23/32 MP: 5/5
  3736 | D:3      | Killed from afar by an orc wizard

Vault maps used:
D:1:      mrwooster_arrival_statue_3, minmay_newt_pond
D:2:      serial_bayou_lagoon_a, grunt_decor_mini_mirrors,
          kennysheep_generic_room_5
D:3:      nicolae_ru_great_annihilating_truth, first_bread

Action                   |  1- 3 |  4- 6 || total
-------------------------+-------+-------++-------
Melee: Club              |    20 |       ||    20
       Dagger            |   245 |    83 ||   328
 Abil: End Transformatio |     1 |       ||     1
       Bat Form          |     1 |       ||     1
  Use: Scroll            |     4 |       ||     4
       Potion            |     3 |       ||     3
 Stab: Sleeping          |       |     1 ||     1
  Eat: Corpse            |     6 |     1 ||     7
